 Dungeon Crawl Stone Soup version 0.20.1-1-g8b1a95d (webtiles) character file.

54 gungr the Insei (level 3, 0/23 HPs)
             Began as an Octopode Transmuter on Oct 29, 2017.
             Slain by a gnoll
             ... wielding a +0 spear
              (2 damage)
             ... on level 2 of the Dungeon.
             The game lasted 00:03:05 (1337 turns).

gungr the Insei (Octopode Transmuter)               Turns: 1337, Time: 00:03:05

Health: 0/23       AC:  1    Str:  9    XL:     3   Next: 91%
Magic:  6/6        EV: 13    Int: 16    God:
Gold:   85         SH:  0    Dex: 12    Spells: 5/6 levels left

rFire    . . .     SeeInvis +     - Unarmed
rCold    . . .     Gourm    .   (no shield)
rNeg     . . .     Faith    +   (helmet restricted)
rPois    .         Spirit   .   i - amulet of faith
rElec    .         Reflect  .   f - ring of see invisible
rCorr    .         Harm     .   (no ring)
MR       .....                  (no ring)
Stlth    ++........             (no ring)
Regen    0.1/turn               (no ring)
MPRegen  0.1/turn               (no ring)
                                (no ring)
                                (no ring)

@: no status effects
A: almost no armour, stealthy swim, amphibious, 8 rings, constrict 8, camouflage
1, gelatinous body 1
a: no special abilities


You were on level 2 of the Dungeon.
You were not hungry.

You visited 1 branch of the dungeon, and saw 2 of its levels.

You collected 85 gold pieces.

Inventory:

Missiles
 a - 67 arrows
 e - 7 javelins of returning (quivered)
Jewellery
 f - a ring of see invisible (left tentacle)
 i - an amulet of faith (around mantle)
Scrolls
 c - a scroll of teleportation {unknown}
 d - a scroll of remove curse {unknown}
 g - a scroll of blinking {unknown}
 m - a scroll of identify {unknown}
Potions
 j - a potion of haste {unknown}
 k - a potion of mutation {unknown}
Books
 b - a book of Changes

   Spells                             Type                      Level
   a - Beastly Appendage              Transmutation                1
   b - Sticks to Snakes               Transmutation                2
   c - Spider Form                    Transmutation/Poison         3
   d - Ice Form                       Ice/Transmutation            4
   e - Blade Hands                    Transmutation                5
Comestibles
 h - 3 royal jellies
 l - 2 meat rations


   Skills:
 - Level 1.0 Fighting
 - Level 2.0 Dodging
 + Level 4.6 Unarmed Combat
 - Level 2.0 Spellcasting
 - Level 2.0 Transmutations


You had 5 spell levels left.
You knew the following spells:

 Your Spells              Type           Power        Failure   Level  Hunger
a - Beastly Appendage     Tmut           #.....       9%          1    #......


Dungeon Overview and Level Annotations

Branches:
Dungeon (2/15)

Altars:


Innate Abilities, Weirdness & Mutations

You cannot wear most types of armour.
You are very stealthy in the water. (Stealth+)
You are amphibious.
You can wear up to eight rings at the same time.
You can use your tentacles to constrict eight enemies at once.
Your skin changes colour to match your surroundings (Stealth+).
Your rubbery body absorbs attacks. (AC +1, EV +1)


Message History

The gnoll shouts!
You bludgeon the gnoll!
You kill the gnoll!
Things that are here:
a club; a gnoll corpse Your transformation is almost over.
Your tentacle spike disappears.
You start resting.
The gnoll hits you with a spear!
* * * LOW HITPOINT WARNING * * *
You tentacle-slap the gnoll. You grab the gnoll. Your squeeze misses the gnoll.
The gnoll is moderately wounded.
You constrict the gnoll, but do no damage.
The gnoll hits you with a spear.
* * * LOW HITPOINT WARNING * * *
Okay, then.
You tentacle-slap the gnoll but do no damage.
The gnoll is moderately wounded.
You constrict the gnoll. The gnoll hits you with a spear.
You die...

#g.# #..# #g.## ####### ##...##
#.....# ##
##.###.###.###.#######. ###
#.## ##........†....... ..# #.#
#..........#.###. #.# #.##
##.##.....#†#..... #.#
#..###@.##.#..##....... #.#
#....g#.##.#..####..... ###.###
#.............# #.###(
......#####.......##.##.# #.#
#. ###...............##.##.#
#.# #.
........................####.#
##
#####.#####.#####............##
# ##.#####.# ####..........# #
#........# #..#######.# #


You could see a gnoll.

Vanquished Creatures
  A gnoll (D:2)
  2 dart slugs (D:2)
  A leopard gecko (D:1)
  5 giant cockroaches
  6 goblins
  3 hobgoblins
  4 jackals (D:1)
  4 kobolds
  A bat (D:2)
  3 frilled lizards
  6 rats (D:1)
36 creatures vanquished.

Notes
Turn   | Place    | Note
-------+----------+-------------------------------------------
     0 | D:1      | gungr the Octopode Transmuter began the quest for the Orb.
     0 | D:1      | Reached XP level 1. HP: 13/13 MP: 3/3
   182 | D:1      | Reached XP level 2. HP: 5/18 MP: 5/5
   449 | D:1      | Reached skill level 4 in Unarmed Combat
   592 | D:1      | Reached XP level 3. HP: 23/23 MP: 6/6
  1337 | D:2      | Slain by a gnoll

Skill      XL: |  1  2 |
---------------+-------+-----
Unarmed Combat | 4 |  4.6
Fighting       | |  1.0
Dodging        | |  2.0
Spellcasting   | |  2.0
Transmutations | |  2.0

Action                   || total
-------------------------++-------
Melee: Unarmed           ||    77
       Constrict         ||    21
       Tentacles         ||     9
       Kick              ||     5
       Punch             ||     1
Throw: Javelin           ||     8
 Cast: Beastly Appendage ||     2
  Use: Potion            ||     2
 Stab: Sleeping          ||     4
  Eat: Bread ration      ||     1
Armor: Skin              ||    10
Dodge: Dodged            ||    46
